 Dungeon Crawl Stone Soup version 0.25.0-9-g26727b657a (webtiles) character file.

Game seed: 14036917490520766797

81 MajorAdolf the Firebug (level 4, 0/38 HPs)
             Began as a Naga Wanderer on June 20, 2020.
             Slain by a gnoll
             ... wielding a +0 spear
              (2 damage)
             ... on level 2 of the Dungeon.
             The game lasted 00:09:00 (2988 turns).

MajorAdolf the Firebug (Naga Wanderer)              Turns: 2988, Time: 00:09:01

Health: 0/38       AC:  4    Str: 11    XL:     4   Next: 40%
Magic:  2/7        EV:  9    Int: 13    God:
Gold:   67         SH:  0    Dex: 14    Spells: 3/7 levels left

rFire    . . .     SeeInvis +   a - +0 dagger
rCold    + . .     Gourm    .   (no shield)
rNeg     . . .     Faith    .   l - +2 robe {rC+}
rPois    +         Spirit   .   (no helmet)
rElec    .         Reflect  .   (no cloak)
rCorr    .         Harm     .   (no gloves)
MR       .....                  (no barding)
Stlth    +++.......             (no amulet)
HPRegen  0.12/turn              b - ring of stealth
MPRegen  0.10/turn              (no ring)

@: very slightly contaminated, very slow
A: large, see invisible, deformed body, poison resistance, slowness 2, slow
metabolism 1, spit poison 1, AC +1
a: Spit Poison


You were on level 2 of the Dungeon.
You were not hungry.

You visited 1 branch of the dungeon, and saw 2 of its levels.

You collected 67 gold pieces.

Inventory:

Hand Weapons
 a - a +0 dagger (weapon)
Armour
 j - a +0 kite shield
 l - a +2 robe of cold resistance (worn)
Jewellery
 b - a ring of stealth (left hand)
Scrolls
 c - 2 scrolls of identify {unknown}
 d - 6 scrolls of remove curse
 h - a scroll of teleportation {unknown}
 i - a scroll of fog {unknown}
 k - a scroll of immolation {unknown}
 m - a scroll of random uselessness {unknown}
 n - a scroll of blinking {unknown}
Potions
 e - a potion of might {unknown}
 f - a potion of stabbing {unknown}
 g - a potion of curing {unknown}
Comestibles
 o - 3 chunks of flesh
 p - a ration


   Skills:
 - Level 1.0 Fighting
   Level 1.0 Crossbows
 - Level 1.0 Throwing
 - Level 2.4 Armour
 + Level 2.3 Stealth
 + Level 0.7 Shields
 + Level 2.0 Spellcasting
 + Level 1.5 Conjurations
   Level 1.0 Charms
 + Level 2.6 Fire Magic


You had 3 spell levels left.
You knew the following spells:

 Your Spells              Type           Power        Failure   Level  Hunger
a - Foxfire               Conj/Fire      #...         11%         1    ##.....
b - Conjure Flame         Conj/Fire      #.......     32%         3    ####...

Your spell library contained the following spells:

 Spells                   Type           Power        Failure   Level  Hunger
 Apportation              Tloc           #.....       26%         1    ##.....
 Inner Flame              Hex/Fire       #.......     41%         3    ####...
 Teleport Other           Tloc           #.......     58%         3    ####...
 Sticky Flame             Conj/Fire      #.......     71%         4    #####..
 Fireball                 Conj/Fire      #.........   96%         5    ######.


Dungeon Overview and Level Annotations

Branches:
Dungeon (2/15)

Altars:


Innate Abilities, Weirdness & Mutations

You cannot wear boots.
Your serpentine skin is tough. (AC +1)
You have supernaturally acute eyesight. (SInv)
Armour fits poorly on your strangely shaped body.
Your system is resistant to poisons. (rPois)
You cover ground very slowly.
You have a slow metabolism.
You can spit poison.


Message History

The gnoll hits you with a +0 whip.
Unknown command.
The foxfire hits the gnoll.
You kill the gnoll!
The foxfire hits the gnoll.
The gnoll is lightly wounded.
Casting: Foxfire (safe; 11% risk of failure)
Confirm with . or Enter, or press ? or * to list all spells.
You conjure some foxfire!
The gnoll hits you from afar with a +0 spear!
* * * LOW HITPOINT WARNING * * *
The gnoll hits you from afar with a +0 spear.
* * * LOW HITPOINT WARNING * * *
Your foxfire dissipates!
The foxfire hits the gnoll.
The gnoll is moderately wounded.
The gnoll hits you from afar with a +0 spear.
* * * LOW HITPOINT WARNING * * *
The gnoll hits you from afar with a +0 spear.
You die...

####...# #.....))..#..
##....#####............
#.......#....##..##....
#.......#..[.....##...#
#.......#....##.###...#
#.>.......#.....# #...#
#....(..#...##### #...#
##########...g§§...#########...#
#............g.@................
#.###########################.##
#.# #b# #g# #.# #g# #.# #.######


You could see 2 gnolls.

Vanquished Creatures
  A gnoll (D:2)
  An adder (D:2)
  An ooze (D:1)
  2 worms (D:2)
  4 leopard geckos
  3 bats
  A giant cockroach (D:1)
  11 hobgoblins
  3 jackals (D:1)
  2 quokkas (D:2)
  4 goblins
  4 kobolds
  5 rats
42 creatures vanquished.

Vanquished Creatures (others)
  105 foxfires
105 creatures vanquished.

Grand Total: 147 creatures vanquished

Notes
Turn   | Place    | Note
-------+----------+-------------------------------------------
     0 | D:1      | MajorAdolf the Naga Wanderer began the quest for the Orb.
     0 | D:1      | MajorAdolf set off with the following items: a +0 dagger, a
                  | +0 ring mail, a ration; and the following spells available
                  | to memorise: Foxfire, Apportation, Conjure Flame, Inner
                  | Flame, Teleport Other, Sticky Flame, Fireball
     0 | D:1      | Reached XP level 1. HP: 18/18 MP: 1/1
    23 | D:1      | Reached skill level 1 in Spellcasting
   125 | D:1      | Learned a level 1 spell: Foxfire
   224 | D:1      | Reached XP level 2. HP: 18/25 MP: 0/3
   981 | D:1      | Reached XP level 3. HP: 21/31 MP: 0/5
  1220 | D:1      | Reached skill level 1 in Conjurations
  2359 | D:2      | HP: 1/31 [worm (11)]
  2724 | D:2      | Learned a level 3 spell: Conjure Flame
  2783 | D:2      | Reached XP level 4. HP: 38/38 MP: 1/6
  2988 | D:2      | Slain by a gnoll

Illustrated notes

Levels and vault maps discovered:
D:1:      psy_arrival_terrarium, layout_loops_ring
D:2:      minmay_thinvault, layout_rooms, first_ration

Skill      XL: |  1  2  3  4 |
---------------+-------------+-----
Spellcasting   | 1 2 |  2.0
Conjurations   | 1 |  1.5
Stealth        | 2 |  2.3
Fighting       | |  1.0
Crossbows      | |  1.0
Throwing       | |  1.0
Armour         | |  2.4
Shields        | |  0.7
Charms         | |  1.0
Fire Magic     | |  2.6

Action                   |  1- 3 |  4- 6 || total
-------------------------+-------+-------++-------
Melee: Dagger            |    82 |     6 ||    88
 Cast: Foxfire           |    61 |     9 ||    70
 Abil: Spit Poison       |     8 |     1 ||     9
  Use: Scroll            |     1 |       ||     1
  Eat: Chunk             |     4 |       ||     4
       Ration            |     1 |       ||     1
Armor: Ring mail         |    12 |       ||    12
       Skin              |     3 |       ||     3
       Robe              |     1 |    18 ||    19
Dodge: Dodged            |    60 |    20 ||    80
